 Dungeon Crawl Stone Soup version 0.28.0-53-g5a82cb258f (webtiles) character file.

Game seed: 11072908671102288480

665 Ashen the Magician (level 7, 0/51 HPs)
             Began as a Mummy Fire Elementalist on July 9, 2022.
             Slain by an adder (1 damage)
             ... on level 5 of the Dungeon.
             The game lasted 00:08:17 (4117 turns).

Ashen the Magician (Mummy Fire Elementalist)        Turns: 4117, Time: 00:08:17

Health: 0/51       AC:  5    Str: 11    XL:     7   Next: 31%
Magic:  6/14       EV: 12    Int: 17    God:
Gold:   202        SH:  0    Dex: 12    Spells: 12/15 levels left

rFire   . . .      SeeInvis .   p - +7 dagger "Kugoes" {vamp, rF+}
rCold   + . .      Faith    .   (no shield)
rNeg    + + +      Spirit   .   a - +0 robe
rPois   ∞          Reflect  .   g - +0 helmet
rElec   .          Harm     .   (no cloak)
rCorr   .          Rampage  .   f - +0 pair of gloves
Will    .....                   b - +0 pair of boots
Stlth   ++........              r - amulet of magic regeneration
HPRegen 0.17/turn               (no ring)
MPRegen 0.54/turn               (no ring)

@: no status effects
A: cold resistance 1, negative energy resistance 3, torment resistance 2, heat
vulnerability 1, no potions
a: no special abilities


You were on level 5 of the Dungeon.
You visited 1 branch of the dungeon, and saw 5 of its levels.

You collected 202 gold pieces.

Inventory:

Hand Weapons
 d - a +0 short sword
 k - the +2 whip "Ratwoh" {vorpal, *Slow Will+++ Int+3}
   (You found it on level 3 of the Dungeon)

   It inflicts extra damage upon your enemies.
   Int:       It affects your intelligence (+3).
   *Slow:     It may slow you when you take damage.
   Will:      It greatly increases your willpower.
 p - the +7 dagger "Kugoes" (weapon) {vamp, rF+}
   (You found it on level 4 of the Dungeon)

   It occasionally heals its wielder for a portion of the damage dealt when it
   wounds a living foe.
   rF:        It protects you from fire.
Armour
 a - a +0 robe (worn)
 b - a +0 pair of boots (worn)
 f - a +0 pair of gloves (worn)
 g - a +0 helmet (worn)
Magical Staves
 m - a staff of conjuration
Jewellery
 r - an amulet of magic regeneration (around neck)
 s - the ring "Qoptiosy" {Ice rElec Will++ rCorr Str-4}
   (You found it on level 4 of the Dungeon)

   [ring of ice]

   It enhances your ice magic.
   Str:       It affects your strength (-4).
   rF:        It makes you vulnerable to fire.
   rC:        It protects you from cold.
   rElec:     It insulates you from electricity.
   rCorr:     It protects you from acid and corrosion.
   Will:      It greatly increases your willpower.
Scrolls
 e - 3 scrolls of teleportation {unknown}
 h - a scroll of fog
 i - 2 scrolls of magic mapping
 l - a scroll of identify {unknown}
 n - a scroll of silence {unknown}
 o - 2 scrolls of vulnerability {unknown}
 q - a scroll of enchant armour {unknown}


   Skills:
 + Level 2.7 Fighting
 + Level 3.0 Dodging
 + Level 3.4 Stealth
 + Level 4.8 Spellcasting
 + Level 2.6 Conjurations
 + Level 3.6 Fire Magic


You had 12 spell levels left.
You knew the following spells:

 Your Spells              Type           Power      Damage    Failure   Level
a - Foxfire               Conj/Fire      56%        2x1d6     4%          1
b - Scorch                Fire           32%        2d7       4%          2

Your spell library contained the following spells:

 Spells                   Type           Power      Damage    Failure   Level
 Magic Dart               Conj           52%        1d5       4%          1
 Conjure Flame            Conj/Fire      14%        6-21      12%         3
 Pain                     Necr           16%        1d4       14%         1
 Inner Flame              Hex/Fire       10%        N/A       21%         3
 Call Imp                 Summ           4%         N/A       22%         2
 Corpse Rot               Necr/Air       8%         N/A       22%         2
 Mephitic Cloud           Conj/Pois/Air  7%         N/A       30%         3
 Flame Wave               Conj/Fire      14%        2d6       36%         4
 Dispel Undead            Necr           4%         3d7       82%         4
 Death Channel            Necr           2%         N/A       100%        6


Dungeon Overview and Level Annotations

Branches:
Dungeon (5/15)
 Temple: D:4-7

Altars:

Shops:
D:4 [


Innate Abilities, Weirdness & Mutations

You are immune to poison.
Your flesh is cold resistant. (rC+)
You are immune to negative energy. (rN+++)
You are immune to unholy pain and torment.
You are vulnerable to heat. (rF-)
You do not drink.


Message History

Really abort (and waste the scroll)? [Y]es or [N]o only, please.
Really abort (and waste the scroll)?
Okay, then.
The scorpion completely misses you. The black bear closely misses you.
The black bear claws you.
* * * LOW HITPOINT WARNING * * *
The black bear claws you but does no damage.
The adder bites you but does no damage.
A kobold brigand comes into view.
It is wielding a +0 short sword and quivering poisoned darts.
The scorpion barely misses you.
As you read the scroll labelled PUTERIXOTH, it crumbles to dust.
The scroll dissolves into smoke.
It was a scroll of fog.
The black bear is no longer more vulnerable to fire.
The adder barely misses you. The black bear closely misses you.
The black bear claws you but does no damage.
The black bear claws you.
* * * LOW HITPOINT WARNING * * *
The scorpion stings you but does no damage.
As you read the scroll labelled TINAKLACWOASTRO, it crumbles to dust.
You feel aware of your surroundings.
It was a scroll of magic mapping.
The adder closely misses you. The black bear bites you.
* * * LOW HITPOINT WARNING * * *
The black bear misses you. The black bear closely misses you.
The scorpion closely misses you. The adder misses you.
As you read the scroll labelled YTEPRO HOOKKUC, it crumbles to dust.
The creatures around you are filled with an inner flame!
It was a scroll of immolation.
The hound skeleton is no longer more vulnerable to fire.
The scorpion closely misses you. The black bear bites you.
* * * LOW HITPOINT WARNING * * *
The black bear claws you.
* * * LOW HITPOINT WARNING * * *
The black bear completely misses you. The adder bites you but does no damage.
Okay, then.
Unknown command.
You hit the adder.
Flame seeps out of the adder.
The adder is moderately wounded.
The scorpion completely misses you. The adder bites you.
You die...

#.# *,***,*, #.#
***,***,*, #.#
**,,,,**,*, #.#
**,*>*,**,*, #.#
*,,,,,,,*,*, #.#
**?#,*,**,*,
#K####K..,,,,,,*,
##SZ§.Z#.#,*,*,,*,
#@sZ......,,,,,,,,
##h#####.#,*,*,**,
#§# *****,*,***
#.# *,,,**, #.#
**#.#*, #.# #.#*,
#.# #.#*, #.#
#.#** #.# #.#


You could see a black bear (inner flame), a scorpion (inner flame), an adder
(inner flame), a kobold (inner flame), a hound skeleton (inner flame) and a
howler monkey skeleton (inner flame).

Vanquished Creatures
  Sigmund (D:3)
  Pargi (D:3)
  A centaur (D:5)
  2 scorpions (D:4)
  A hound (D:5)
  Jessica (D:3)
  2 hound skeletons (D:4)
  4 adders
  A howler monkey skeleton (D:4)
  An ufetubus (D:4)
  An adder skeleton (D:4)
  A worm (D:3)
  2 dart slugs (D:2)
  An orc (D:4)
  8 ball pythons
  11 bats
  5 endoplasms
  A giant cockroach (D:3)
  6 goblins
  9 hobgoblins
  4 jackals (D:4)
  3 quokkas
  13 frilled lizards
  4 kobolds
  5 rats
89 creatures vanquished.

Vanquished Creatures (others)
  108 foxfires
  6 plants (D:1)
114 creatures vanquished.

Grand Total: 203 creatures vanquished

Notes
Turn   | Place    | Note
-------+----------+-------------------------------------------
     0 | D:1      | Ashen the Mummy Fire Elementalist began the quest for the
                  | Orb.
     0 | D:1      | Reached XP level 1. HP: 13/13 MP: 4/4
   233 | D:1      | Reached skill level 1 in Conjurations
   233 | D:1      | Reached XP level 2. HP: 20/20 MP: 5/5
   379 | D:1      | Learned a level 2 spell: Scorch
   432 | D:1      | Reached skill level 3 in Spellcasting
   849 | D:2      | Reached XP level 3. HP: 25/25 MP: 7/7
  1321 | D:2      | Reached skill level 1 in Fighting
  1504 | D:2      | Found a faded altar of an unknown god.
  1511 | D:2      | Got Plato's Papyrus of Dark Secrets
  1680 | D:2      | Reached XP level 4. HP: 28/32 MP: 9/9
  2022 | D:3      | Noticed Jessica
  2026 | D:3      | Killed Jessica
  2149 | D:3      | Identified the +2 whip "Ratwoh" {vorpal, *Slow Will+++
                  | Int+3}
  2266 | D:3      | Noticed Pargi
  2274 | D:3      | Killed Pargi
  2275 | D:3      | Reached XP level 5. HP: 27/38 MP: 2/10
  2442 | D:3      | Reached skill level 4 in Spellcasting
  2749 | D:3      | Noticed Sigmund
  2765 | D:3      | Killed Sigmund
  2766 | D:3      | Reached XP level 6. HP: 44/44 MP: 3/12
  3080 | D:4      | Identified the +7 dagger "Kugoes" {vamp, rF+}
  3318 | D:4      | Reached XP level 7. HP: 51/51 MP: 10/13
  3370 | D:4      | Found Uliu's Antique Armour Shop.
  3708 | D:4      | Identified the ring "Qoptiosy" {Ice rElec Will++ rCorr
                  | Str-4}
  4030 | D:5      | Entered Level 5 of the Dungeon
  4116 | D:5      | HP: 1/51 [black bear (2)]
  4117 | D:5      | Slain by an adder

Illustrated notes

Levels and vault maps discovered:
D:1:      roderic_dead_forest, layout_rooms, kennysheep_decorative_pillar,
          minmay_lizard_king
D:2:      layout_loops_corners, shapermc_ecumenical_altar_rom_forum,
          minmay_octomino_c4
D:3:      layout_loops_cross, uniq_pargi, uniq_jessica, uniq_sigmund
D:4:      layout_basic, serial_shops, nicolae_shop_waterfront
D:5:      layout_basic, st_stairs_8, uniq_grinder, uniq_ijyb

Skill      XL: |  1  2  3  4  5  6  7 |
---------------+----------------------+-----
Conjurations   | 1 2 |  2.6
Spellcasting   | 3 4 |  4.8
Stealth        | 2 3 |  3.4
Fighting       | 1 2 |  2.7
Dodging        | 2 3 |  3.0
Fire Magic     | 3 |  3.6

Action                   |  1- 3 |  4- 6 |  7- 9 || total
-------------------------+-------+-------+-------++-------
Melee: Unarmed           |     9 |       |       ||     9
       Short sword       |    84 |     9 |       ||    93
       Punch             |     1 |     1 |       ||     2
       Staff             |       |    35 |    25 ||    60
       Dagger            |       |       |    10 ||    10
 Cast: Foxfire           |    24 |    35 |     6 ||    65
       Scorch            |       |    13 |     8 ||    21
  Use: Scroll            |       |       |     4 ||     4
 Stab: Distracted        |     1 |       |       ||     1
       Sleeping          |     5 |     2 |     1 ||     8
Armor: Robe              |    26 |    21 |    28 ||    75
Dodge: Dodged            |    57 |    47 |    61 ||   165
